[Event "Lueneburg Open-B 2019"]
[Site "Lueneburg"]
[Date "2019.08.05"]
[Round "3.6"]
[White "Krause, Holger"]
[Black "Kasipour Azbari, Seyed Arvin"]
[Result "0-1"]
[ECO "B26"]
[WhiteElo "1639"]
[BlackElo "1765"]
[Annotator "NA"]
[PlyCount "76"]
[EventDate "2019.08.03"]
[EventType "swiss"]
[EventCountry "GER"]
[SourceTitle "playchess.com"]
[Source "ChessBase"]
[SourceQuality "1"]
[TimeControl "40/5400+30:1800+30"]

1. e4 c5 2. Nc3 Nc6 3. g3 g6 4. Bg2 Bg7 5. d3 d6 6. Be3 Rb8 7. Qd2 b5 8. Nge2 Nd4 9. Nd1 b4 10. c3 Nxe2 11. Qxe2 bxc3 12. bxc3 e5 13. O-O Ne7 14. c4 O-O 15. Nc3 f5 16. Qd2 f4 17. gxf4 exf4 18. Bxf4 Bxc3 19. Qxc3 Rxf4 20. e5 Bb7 21. Bxb7 Rxb7 22. exd6 Qxd6 23. Rfe1 Qd4 24. Qxd4 Rxd4 25. Re3 Nf5 26. Re8+ Kf7 27. Rc8 Rxd3 28. Rxc5 Rbd7 29. Kf1 Rd2 30. a4 Rc2 31. a5 Rdd2 32. Rc7+ Kf6 33. Rxh7 Rxf2+ 34. Kg1 g5 35. Rf1 Rg2+ 36. Kh1 Kg6 37. Rxa7 Rxh2+ 38. Kg1 Rcg2# 0-1

[Event "Lueneburg Open-B 2019"]
[Site "Lueneburg"]
[Date "2019.08.05"]
[Round "3.7"]
[White "Thomas, Jeremy"]
[Black "Kolhoff, Manfred"]
[Result "1-0"]
[ECO "C01"]
[WhiteElo "1717"]
[BlackElo "1616"]
[Annotator "NA"]
[PlyCount "53"]
[EventDate "2019.08.03"]
[EventType "swiss"]
[EventCountry "GER"]
[SourceTitle "playchess.com"]
[Source "ChessBase"]
[SourceQuality "1"]
[TimeControl "40/5400+30:1800+30"]

1. e4 e6 2. d4 d5 3. exd5 exd5 4. Nf3 Nf6 5. Bd3 h6 6. Bf4 Bd6 7. Bg3 Be6 8. Ne5 Nbd7 9. O-O O-O 10. f4 Nb6 11. Nd2 c5 12. c3 Qc7 13. f5 Bd7 14. Ndf3 Rad8 15. Bh4 Be7 16. h3 Nc8 17. a3 Nd6 18. Nxd7 Rxd7 19. Ne5 Rdd8 20. Bxf6 Bxf6 21. Ng4 Bg5 22. f6 g6 23. h4 Bxh4 24. Nxh6+ Kh7 25. Qg4 Bxf6 26. Rxf6 Kxh6 27. Rxg6+ 1-0

[Event "Lueneburg Open-B 2019"]
[Site "Lueneburg"]
[Date "2019.08.05"]
[Round "3.8"]
[White "Stolzenwald, Karl-Heinz"]
[Black "Rewerts, Ingo"]
[Result "0-1"]
[ECO "A00"]
[WhiteElo "1600"]
[BlackElo "1792"]
[Annotator "NA"]
[PlyCount "98"]
[EventDate "2019.08.03"]
[EventType "swiss"]
[EventCountry "GER"]
[SourceTitle "playchess.com"]
[Source "ChessBase"]
[SourceQuality "1"]
[TimeControl "40/5400+30:1800+30"]

1. b4 c6 2. Bb2 d5 3. Nf3 Bg4 4. e3 Nd7 5. Be2 e6 6. a4 Ngf6 7. h3 Bxf3 8. Bxf3 Bxb4 9. O-O O-O 10. d3 Qb6 11. Nc3 a5 12. Rb1 Qc7 13. Be2 Nc5 14. Ra1 e5 15. Na2 Nxa4 16. Nxb4 Nxb2 17. Qc1 axb4 18. Qxb2 Qd6 19. c3 bxc3 20. Qxc3 d4 21. Qb3 b5 22. exd4 Qxd4 23. Rac1 Rac8 24. Bf3 Nd5 25. g3 Rfd8 26. Rfe1 f5 27. Rc2 Kf8 28. Rec1 Nb4 29. Rd2 e4 30. Qe6 exf3 31. Qxf5+ Kg8 32. Re1 Rf8 33. Qe6+ Kh8 34. Re4 Qc3 35. Rd1 h6 36. Rf4 Rfe8 37. Qf5 Re1+ 38. Kh2 Rce8 39. Qf7 g5 40. Rxf3 Qg7 41. Qh5 Kg8 42. Rc1 R1e6 43. Rc5 Rf8 44. Qg4 Rxf3 45. Qxf3 Rf6 46. Qe3 Nd5 47. Qe8+ Qf8 48. Qxf8+ Kxf8 49. Kg2 Ke7 0-1

[Event "Lueneburg Open-B 2019"]
[Site "Lueneburg"]
[Date "2019.08.05"]
[Round "3.9"]
[White "Schulze, Lukas"]
[Black "Hinke, Gerhard"]
[Result "1-0"]
[ECO "A33"]
[WhiteElo "1724"]
[BlackElo "1476"]
[Annotator "NA"]
[PlyCount "67"]
[EventDate "2019.08.03"]
[EventType "swiss"]
[EventCountry "GER"]
[SourceTitle "playchess.com"]
[Source "ChessBase"]
[SourceQuality "1"]
[TimeControl "40/5400+30:1800+30"]

1. Nf3 Nf6 2. c4 c5 3. g3 Nc6 4. d4 cxd4 5. Nxd4 e6 6. Nc3 Bc5 7. Ndb5 O-O 8. Nd6 a6 9. Bg2 Qe7 10. Nce4 Nxe4 11. Nxe4 Bb4+ 12. Bd2 f5 13. Nc3 Ne5 14. Qb3 Rb8 15. Bf4 Bxc3+ 16. Qxc3 d6 17. Bxe5 dxe5 18. Qxe5 Qb4+ 19. Kf1 Ra8 20. Rc1 Qe7 21. Bf3 Qf6 22. Qxf6 Rxf6 23. Kg2 Ra7 24. Rhd1 b6 25. Rd6 Bb7 26. Rxb6 Bxf3+ 27. Kxf3 g5 28. c5 Rc7 29. Rxa6 Rh6 30. Kg2 Kf7 31. b4 Kf6 32. c6 g4 33. b5 f4 34. b6 1-0

[Event "Lueneburg Open-B 2019"]
[Site "Lueneburg"]
[Date "2019.08.05"]
[Round "3.10"]
[White "Thomas, Vincent"]
[Black "Ahrens, Gunnar"]
[Result "0-1"]
[ECO "D53"]
[WhiteElo "1975"]
[BlackElo "1764"]
[Annotator "NA"]
[PlyCount "172"]
[EventDate "2019.08.03"]
[EventType "swiss"]
[EventCountry "GER"]
[SourceTitle "playchess.com"]
[Source "ChessBase"]
[SourceQuality "1"]
[TimeControl "40/5400+30:1800+30"]

1. d4 Nf6 2. c4 d5 3. Nf3 e6 4. Bg5 Be7 5. Nc3 Nbd7 6. e3 c6 7. Be2 dxc4 8. Bxc4 Nb6 9. Be2 {[%emt 0:02:48] D53: Queen's Gambit Declined: 4 Bg5 Be7: Early deviations} (9. Bd3 Nbd5 10. O-O h6 11. Bh4 Qa5 12. Qc2 Nb4 13. Qb1 Nxd3 14. Qxd3 Qh5 15. Bg3 O-O 16. a3 a5 {½-½ (50) Heinrich,S (1666)-Partus,E (1421) Pinneberg 2018}) 9... Nbd5 10. O-O O-O 11. Nd2 $146 ({Predecessor:} 11. Nxd5 exd5 12. Ne5 Bf5 13. Bd3 Bxd3 14. Qxd3 Ne4 15. Bxe7 Qxe7 16. f3 Nd6 17. Rfe1 Rfe8 {1-0 (61) Krenev,D-Sakhno,P Novosibirsk 2010}) 11... Nxc3 12. bxc3 Nd5 13. Bxe7 Qxe7 14. Qb3 Rd8 15. Rab1 e5 16. Nf3 exd4 17. cxd4 a5 18. Ne5 a4 19. Qc4 Bf5 20. Bd3 Bxd3 21. Nxd3 Rdc8 22. Qc5 Qc7 23. Ne5 Ra5 24. Qc4 b5 25. Qc2 f6 $11 26. Nd3 Qe7 27. Qd2 Ra7 28. Nc5 Nb6 29. Rfc1 Nc4 30. Qb4 a3 31. Rb3 Rca8 32. h3 Qf7 33. Ne4 Rd7 34. Qc5 Qe6 35. Qb4 Qxe4 36. f3 Qd5 37. Rd1 Ra4 38. Qc3 Nb2 39. Rc1 Rc4 40. Qd2 b4 41. Rxc4 Nxc4 42. Qxb4 Kf7 43. Rc3 Nd2 44. Rxa3 Nxf3+ 45. gxf3 Qxf3 46. Qc4+ Kg6 47. Qf1 Qh5 48. Ra6 Kf7 49. Rxc6 Qg5+ 50. Kh2 Qxe3 51. Qc4+ Kg6 52. Qc2+ Kh6 53. Qc1 Qxc1 54. Rxc1 Rxd4 55. Ra1 Ra4 56. a3 g5 57. Kg3 Kg6 58. Ra2 h5 59. Kf3 Kf5 60. Kg3 Ke5 61. Kg2 f5 62. Kg3 Kd5 63. Kf3 Kc5 64. Ra1 Kc4 65. Ke3 Kb3 66. Rg1 Re4+ 67. Kf3 g4+ 68. hxg4 hxg4+ 69. Kg3 Re3+ 70. Kf2 Rf3+ 71. Kg2 Kxa3 72. Rb1 Rb3 73. Rf1 Rb5 74. Kg3 Kb2 75. Rf2+ Kc3 76. Kf4 Kd3 77. Kg3 Ke3 78. Rf4 Rd5 79. Rf1 Ke2 80. Rf4 Rd3+ 81. Kg2 Rf3 82. Ra4 f4 83. Rb4 Rg3+ 84. Kh2 Rh3+ 85. Kg2 f3+ 86. Kg1 f2+ 0-1

[Event "Lueneburg Open-B 2019"]
[Site "Lueneburg"]
[Date "2019.08.05"]
[Round "3.11"]
[White "Thomas, Andreas"]
[Black "Rempe, Janne"]
[Result "1/2-1/2"]
[ECO "C41"]
[WhiteElo "1726"]
[BlackElo "1594"]
[Annotator "NA"]
[PlyCount "28"]
[EventDate "2019.08.03"]
[EventType "swiss"]
[EventCountry "GER"]
[SourceTitle "playchess.com"]
[Source "ChessBase"]
[SourceQuality "1"]
[TimeControl "40/5400+30:1800+30"]

1. e4 d6 2. d4 Nf6 3. Nc3 Nbd7 4. Nf3 e5 5. Bc4 Be7 6. Bg5 c6 7. Bb3 O-O 8. O-O Re8 9. Bh4 b5 10. a3 Qc7 11. Ng5 Rf8 12. Nf3 Re8 13. Ng5 Rf8 14. Nf3 Re8 1/2-1/2

[Event "Lueneburg Open-B 2019"]
[Site "Lueneburg"]
[Date "2019.08.05"]
[Round "3.12"]
[White "Goldmann, David"]
[Black "Gerdau, Niklas"]
[Result "0-1"]
[ECO "B24"]
[WhiteElo "1403"]
[BlackElo "1704"]
[Annotator "NA"]
[PlyCount "124"]
[EventDate "2019.08.03"]
[EventType "swiss"]
[EventCountry "GER"]
[SourceTitle "playchess.com"]
[Source "ChessBase"]
[SourceQuality "1"]
[TimeControl "40/5400+30:1800+30"]

1. e4 c5 2. Nc3 d6 3. g3 Nf6 4. Bg2 Nc6 5. Nge2 Rb8 6. a4 e6 7. f4 d5 8. e5 Nd7 9. O-O a6 10. b3 Be7 11. Ba3 b5 12. Na2 Qb6 13. Kh1 b4 14. Bb2 h5 15. h4 a5 16. Re1 c4 17. f5 Ndxe5 18. Nf4 Ng4 19. Nh3 Nd4 20. bxc4 Nxf5 21. Qf3 Qc7 22. Nf4 Bb7 23. cxd5 Bxd5 24. Nxd5 Nxg3+ 25. Kg1 exd5 26. Qxd5 O-O 27. Bh3 Bxh4 28. Bxg4 hxg4 29. Be5 Qb6+ 30. Bd4 Qb7 31. Qxb7 Rxb7 32. Bf2 Nf5 33. Re5 Bf6 34. Rxf5 Bxa1 35. Rxa5 Rd8 36. Be3 Bd4 37. Rg5 Bxe3+ 38. dxe3 Rd1+ 39. Kg2 Ra1 40. Nxb4 Rxb4 41. a5 Ra2 42. Kg3 Rxc2 43. Rd5 Ra2 44. Rd8+ Kh7 45. Rd5 Rba4 46. Rh5+ Kg8 47. Rb5 Rxa5 48. Rb8+ Kh7 49. Kxg4 Kg6 50. Rb6+ f6 51. Kf3 Re5 52. Rb3 Ra4 53. Rd3 Kf5 54. Rb3 Rae4 55. Rd3 g5 56. Rb3 g4+ 57. Ke2 g3 58. Kf3 Rxe3+ 59. Rxe3 Rxe3+ 60. Kxe3 Kg4 61. Ke2 Kh3 62. Kf1 Kh2 0-1

[Event "Lueneburg Open-B 2019"]
[Site "Lueneburg"]
[Date "2019.08.05"]
[Round "3.13"]
[White "Raedisch, Peter"]
[Black "Schencke, Guenther"]
[Result "0-1"]
[ECO "C02"]
[WhiteElo "1595"]
[BlackElo "1668"]
[Annotator "NA"]
[PlyCount "126"]
[EventDate "2019.08.03"]
[EventType "swiss"]
[EventCountry "GER"]
[SourceTitle "playchess.com"]
[Source "ChessBase"]
[SourceQuality "1"]
[TimeControl "40/5400+30:1800+30"]

1. e4 e6 2. d4 d5 3. e5 c5 4. c3 Qb6 5. Nf3 Bd7 6. Be2 cxd4 7. cxd4 Bb5 8. O-O Bxe2 9. Qxe2 Nc6 10. Be3 Nge7 11. Nc3 Nf5 12. Rad1 Qd8 13. Qb5 Qd7 14. Na4 Nxe5 15. Qxd7+ Nxd7 16. Rc1 Bd6 17. a3 O-O 18. Bd2 Rfc8 19. Nc3 Rc6 20. g4 Ne7 21. Nb5 Bb8 22. Bb4 Rxc1 23. Rxc1 Nc6 24. Bd2 a6 25. Nc3 Bd6 26. b4 b5 27. Be3 Rc8 28. Ne2 Nb6 29. Bf4 Bxf4 30. Nxf4 Nc4 31. Rc3 Kf8 32. Nd3 a5 33. h4 axb4 34. Nxb4 Nxb4 35. axb4 Ra8 36. Ne5 Ke7 37. g5 Ra3 38. Rc2 f6 39. gxf6+ gxf6 40. Ng4 Ra4 41. Ne3 Rxb4 42. Re2 Nxe3 43. fxe3 Kd7 44. Rg2 Rb1+ 45. Kh2 b4 46. Rg7+ Ke8 47. Rxh7 b3 48. h5 b2 49. Rb7 Kf8 50. h6 Kg8 51. Rg7+ Kh8 52. Rb7 e5 53. dxe5 fxe5 54. Kg2 d4 55. exd4 exd4 56. Rb3 Kh7 57. Rb6 d3 58. Rd6 Rd1 59. Rd7+ Kxh6 60. Rd6+ Kg5 61. Rd5+ Kf4 62. Kf2 b1=Q 63. Rd4+ Ke5 0-1

[Event "Lueneburg Open-B 2019"]
[Site "Lueneburg"]
[Date "2019.08.05"]
[Round "3.15"]
[White "Schulze, Tim"]
[Black "Levink, Clemens"]
[Result "1/2-1/2"]
[ECO "A43"]
[WhiteElo "1481"]
[BlackElo "1719"]
[Annotator "NA"]
[PlyCount "31"]
[EventDate "2019.08.03"]
[EventType "swiss"]
[EventCountry "GER"]
[SourceTitle "playchess.com"]
[Source "ChessBase"]
[SourceQuality "1"]
[TimeControl "40/5400+30:1800+30"]

1. d4 Nf6 2. Nf3 c5 3. d5 d6 4. Nc3 g6 5. e4 Bg7 6. Bd3 O-O 7. h3 b6 8. O-O Ba6 9. Re1 Bxd3 10. Qxd3 Nbd7 11. Bf4 Rc8 12. Nd2 Qc7 13. Nc4 Nh5 14. Bh2 Ne5 15. Nxe5 dxe5 16. Qc4 1/2-1/2

[Event "Lueneburg Open-B 2019"]
[Site "Lueneburg"]
[Date "2019.08.05"]
[Round "3.16"]
[White "Cordsen, Heinrich"]
[Black "Rennkamp, David"]
[Result "1-0"]
[ECO "C54"]
[WhiteElo "1685"]
[BlackElo "1355"]
[Annotator "NA"]
[PlyCount "81"]
[EventDate "2019.08.03"]
[EventType "swiss"]
[EventCountry "GER"]
[SourceTitle "playchess.com"]
[Source "ChessBase"]
[SourceQuality "1"]
[TimeControl "40/5400+30:1800+30"]

1. e4 e5 2. Nf3 Nc6 3. Bc4 Bc5 4. c3 d6 5. d3 Nf6 6. O-O O-O 7. Be3 Bb6 8. Bg5 Be6 9. Nbd2 h6 10. Bh4 Na5 11. Bxe6 fxe6 12. b4 Nc6 13. a4 a6 14. Nc4 Ba7 15. Qb3 Qd7 16. Bg3 Nh5 17. b5 axb5 18. axb5 Ne7 19. b6 Bxb6 20. Nxb6 cxb6 21. Qxb6 Qc6 22. Qb3 Qd7 23. Rfb1 Kh8 24. Bxe5 dxe5 25. Nxe5 Qc8 26. Rxa8 Qxa8 27. Qxe6 Qa7 28. d4 Qa3 29. Qxe7 Qxe7 30. Ng6+ Kh7 31. Nxe7 Nf4 32. Kf1 Rf7 33. Nf5 Rc7 34. g3 Ne6 35. Rb3 Ng5 36. Nd6 Nf3 37. Ke2 Nxh2 38. f3 Rd7 39. e5 Rd8 40. Rxb7 Rf8 41. Rf7 1-0

[Event "Lueneburg Open-B 2019"]
[Site "Lueneburg"]
[Date "2019.08.05"]
[Round "3.17"]
[White "Rothenberg, Anke"]
[Black "Geissler, Karl-Heinz"]
[Result "1/2-1/2"]
[ECO "D05"]
[WhiteElo "1467"]
[BlackElo "1581"]
[Annotator "NA"]
[PlyCount "71"]
[EventDate "2019.08.03"]
[EventType "swiss"]
[EventCountry "GER"]
[SourceTitle "playchess.com"]
[Source "ChessBase"]
[SourceQuality "1"]
[TimeControl "40/5400+30:1800+30"]

1. d4 d5 2. Nf3 Nf6 3. e3 e6 4. Bd3 Be7 5. Nbd2 O-O 6. O-O c5 7. dxc5 Bxc5 8. e4 dxe4 9. Nxe4 Be7 10. Re1 Nbd7 11. c3 b6 12. Qc2 Bb7 13. Bg5 h6 14. Bd2 Qc7 15. Re3 Rfd8 16. Nd4 Nxe4 17. Bxe4 Bg5 18. Re2 Bxd2 19. Bxb7 Qxb7 20. Rxd2 Nf6 21. Rad1 Rac8 22. Qd3 e5 23. Qf3 Qxf3 24. Nxf3 Rxd2 25. Rxd2 Re8 26. Rc2 Nd7 27. c4 g6 28. b4 f5 29. c5 bxc5 30. bxc5 Kg7 31. c6 Nb6 32. c7 Kf6 33. Rc6+ Kf7 34. Rc5 Kf6 35. Rc6+ Kf7 36. Nh4 1/2-1/2

[Event "Lueneburg Open-B 2019"]
[Site "Lueneburg"]
[Date "2019.08.05"]
[Round "3.18"]
[White "Rempe, Mieke"]
[Black "Vogel, Elisabeth"]
[Result "0-1"]
[ECO "B90"]
[WhiteElo "1558"]
[BlackElo "1277"]
[Annotator "NA"]
[PlyCount "45"]
[EventDate "2019.08.03"]
[EventType "swiss"]
[EventCountry "GER"]
[SourceTitle "playchess.com"]
[Source "ChessBase"]
[SourceQuality "1"]
[TimeControl "40/5400+30:1800+30"]

1. e4 c5 2. Nf3 d6 3. d4 cxd4 4. Nxd4 Nf6 5. Nc3 a6 6. a4 e5 7. Nf3 Be6 8. Ng5 Nc6 9. Nxe6 fxe6 10. Bc4 Qd7 11. Bg5 Be7 12. Bxf6 Bxf6 13. Qh5+ Ke7 14. O-O-O Rac8 15. Rhf1 Nd4 16. Ba2 b5 17. f4 b4 18. Bxe6 Qxe6 19. Nd5+ Kd8 20. Rd2 Nb3+ 21. Kd1 Nxd2 22. f5 Qe8 23. Ke1 0-1

[Event "Lueneburg Open-B 2019"]
[Site "Lueneburg"]
[Date "2019.08.05"]
[Round "3.20"]
[White "Buchinger, Alexis"]
[Black "Mi, Gufeng"]
[Result "0-1"]
[ECO "B06"]
[WhiteElo "1346"]
[BlackElo "1564"]
[Annotator "NA"]
[PlyCount "132"]
[EventDate "2019.08.03"]
[EventType "swiss"]
[EventCountry "GER"]
[SourceTitle "playchess.com"]
[Source "ChessBase"]
[SourceQuality "1"]
[TimeControl "40/5400+30:1800+30"]

1. d4 g6 2. Nc3 Bg7 3. e4 d6 4. g3 Nd7 5. Bg2 e5 6. d5 a6 7. Nf3 b5 8. Nd2 b4 9. Ne2 a5 10. a3 bxa3 11. Rxa3 Bb7 12. Nc4 a4 13. Be3 Nb6 14. Nxb6 cxb6 15. c3 b5 16. c4 bxc4 17. Rxa4 Ba6 18. Ra3 Nf6 19. Qa4+ Nd7 20. Qc6 O-O 21. Rxa6 Rxa6 22. Qxa6 Qb8 23. Qxc4 Qxb2 24. Qc1 Qb4+ 25. Bd2 Qb5 26. Qd1 Nc5 27. O-O Ra8 28. Be3 Nd7 29. h3 h5 30. Qd2 Qa6 31. Rc1 Nf6 32. Rc6 Qa3 33. Qc1 Qd3 34. Qc2 Ra1+ 35. Kh2 Qa3 36. Bc1 Qa7 37. f3 Qf2 38. Rxd6 Rxc1 39. Rd8+ Kh7 40. Qxc1 Qxe2 41. d6 h4 42. gxh4 Bh6 43. Qf1 Bf4+ 44. Kh1 Qd2 45. Qc4 Qe1+ 46. Bf1 Kg7 47. Qe2 Qxh4 48. Bg2 Nh5 49. Kg1 Qxd8 50. Qd3 Qb6+ 51. Kf1 Ng3+ 52. Ke1 Qg1+ 53. Bf1 Qxf1+ 54. Qxf1 Nxf1 55. Kxf1 Kf8 56. Ke2 Ke8 57. Kd3 Kd7 58. Kc4 Kxd6 59. Kd3 Ke6 60. Ke2 Kf6 61. Kf2 Kg5 62. Kg2 Kh4 63. Kf2 f6 64. Ke2 Kxh3 65. Ke1 Kg2 66. Ke2 {[%emt 0:00:00] Kxf3+ Kf1 Kxe4 Ke2} g5 {[%emt 0:00:00] Kf2 g4 Kg2 f5 Kf2 Bh2 Kg2 g3 Kf1 Ke3 Kg2 Ke2 Kh1 f4 Kg2 f3 Kh3 f2 Kh4 f1=Q Kh5 Qf5+ Kh4 Qf1 Kh5 g2 Kh6 g1=Q Kh7 Qf7+} 0-1

[Event "Lueneburg Open-B 2019"]
[Site "Lueneburg"]
[Date "2019.08.06"]
[Round "4.1"]
[White "Wiese, Uwe"]
[Black "Fomenkov, Alexander"]
[Result "1-0"]
[ECO "E20"]
[WhiteElo "1737"]
[BlackElo "1779"]
[Annotator "NA"]
[PlyCount "67"]
[EventDate "2019.08.03"]
[EventType "swiss"]
[EventCountry "GER"]
[SourceTitle "playchess.com"]
[Source "ChessBase"]
[SourceQuality "1"]
[TimeControl "40/5400+30:1800+30"]

1. d4 Nf6 2. c4 e6 3. Nc3 Be7 4. e4 d5 5. e5 Ne4 6. Nxe4 dxe4 7. a3 Nc6 8. Be3 Bg5 9. Qg4 Bxe3 10. fxe3 O-O 11. Qxe4 f6 12. Bd3 f5 13. Qf4 g5 14. Qg3 f4 15. Qh3 Rf7 16. Nf3 fxe3 17. O-O e2 18. Bxe2 Nxd4 19. Nxd4 Qxd4+ 20. Kh1 Rxf1+ 21. Rxf1 Qxe5 22. Qh5 Bd7 23. Rf7 Qe4 24. Rxd7 Qb1+ 25. Bd1 Qf5 26. Qf3 Rf8 27. Qxf5 Rxf5 28. Kg1 Rc5 29. Bg4 Kf8 30. Bxe6 Re5 31. Bd5 a5 32. Rxc7 b5 33. Rxh7 bxc4 34. Bxc4 1-0

[Event "Lueneburg Open-B 2019"]
[Site "Lueneburg"]
[Date "2019.08.06"]
[Round "4.2"]
[White "Kasipour Azbari, Seyed Arvin"]
[Black "Groth, Matthias"]
[Result "1/2-1/2"]
[ECO "B92"]
[WhiteElo "1765"]
[BlackElo "1737"]
[Annotator "NA"]
[PlyCount "95"]
[EventDate "2019.08.03"]
[EventType "swiss"]
[EventCountry "GER"]
[SourceTitle "playchess.com"]
[Source "ChessBase"]
[SourceQuality "1"]
[TimeControl "40/5400+30:1800+30"]

1. e4 c5 2. Nf3 d6 3. d4 cxd4 4. Nxd4 Nf6 5. Nc3 a6 6. Be2 e5 7. Nb3 Be6 8. O-O Be7 9. Kh1 d5 10. exd5 Nxd5 11. Nxd5 Bxd5 12. c4 Bc6 13. Be3 O-O 14. Qxd8 Bxd8 15. Bc5 Re8 16. Rad1 Nd7 17. Bd6 f6 18. c5 g6 19. Bc4+ Kg7 20. f4 e4 21. Nd4 f5 22. Be6 Nf6 23. Be5 Kh6 24. Nxc6 bxc6 25. Bd7 Nxd7 26. Rxd7 Re7 27. Rfd1 Rxd7 28. Rxd7 Ba5 29. Bf6 g5 30. fxg5+ Kg6 31. Rg7+ Kh5 32. Rxh7+ Kg6 33. Rh6+ Kf7 34. Rh7+ Kg6 35. Re7 Rg8 36. h4 Kh5 37. Kh2 Kg4 38. g3 Rd8 39. g6 Rd1 40. g7 Rd2+ 41. Kg1 Rd1+ 42. Kg2 Rd2+ 43. Kg1 Rd1+ 44. Kf2 Rd2+ 45. Ke3 Rd3+ 46. Ke2 Rd2+ 47. Ke1 Rxb2+ 48. Kd1 1/2-1/2

[Event "Lueneburg Open-B 2019"]
[Site "Lueneburg"]
[Date "2019.08.06"]
[Round "4.3"]
[White "Neumann, Lutz"]
[Black "Rewerts, Ingo"]
[Result "0-1"]
[ECO "B01"]
[WhiteElo "1784"]
[BlackElo "1792"]
[Annotator "NA"]
[PlyCount "110"]
[EventDate "2019.08.03"]
[EventType "swiss"]
[EventCountry "GER"]
[SourceTitle "playchess.com"]
[Source "ChessBase"]
[SourceQuality "1"]
[TimeControl "40/5400+30:1800+30"]

1. e4 d5 2. exd5 Qxd5 3. Nc3 Qa5 4. d4 c6 5. Bc4 Nf6 6. Qe2 Bg4 7. Nf3 e6 8. Bb3 Bd6 9. Bd2 Qh5 10. O-O-O Nbd7 11. Rde1 O-O-O 12. Ne4 Nxe4 13. Qxe4 Nf6 14. Qe3 Bxf3 15. gxf3 Nd5 16. Qe4 Nf6 17. Qe3 Rhe8 18. Reg1 g6 19. d5 Nxd5 20. Qxa7 Bf4 21. Qa8+ Kc7 22. Qa5+ Kb8 23. Bxf4+ Nxf4 24. Qxh5 Nxh5 25. Rd1 Nf4 26. Rhe1 Kc7 27. Re4 Rxd1+ 28. Kxd1 Rd8+ 29. Ke1 g5 30. h4 Ng2+ 31. Ke2 Nxh4 32. f4 g4 33. Bc4 Nf5 34. Bd3 h5 35. Re5 Rd5 36. Re4 h4 37. Kf1 Rd4 38. Rxd4 Nxd4 39. c3 Nf5 40. Be2 Nh6 41. Kg2 f5 42. f3 Kd6 43. a4 e5 44. fxe5+ Kxe5 45. b4 Kf4 46. c4 Ke3 47. Bd1 Kd3 48. b5 cxb5 49. cxb5 Kc4 50. Be2+ Kb4 51. Bd1 h3+ 52. Kh2 b6 53. fxg4 Nxg4+ 54. Kg1 h2+ 55. Kg2 Ne3+ 0-1

[Event "Lueneburg Open-B 2019"]
[Site "Lueneburg"]
[Date "2019.08.06"]
[Round "4.4"]
[White "Schencke, Guenther"]
[Black "Thomas, Jeremy"]
[Result "0-1"]
[ECO "D03"]
[WhiteElo "1668"]
[BlackElo "1717"]
[Annotator "NA"]
[PlyCount "110"]
[EventDate "2019.08.03"]
[EventType "swiss"]
[EventCountry "GER"]
[SourceTitle "playchess.com"]
[Source "ChessBase"]
[SourceQuality "1"]
[TimeControl "40/5400+30:1800+30"]

1. Nf3 d5 2. d4 c5 3. dxc5 e6 4. Bg5 Nf6 5. e3 Bxc5 6. Bb5+ Bd7 7. Bxd7+ Nbxd7 8. O-O Qb6 9. Nbd2 Qxb2 10. Rb1 Qa3 11. Qe2 Qa4 12. Qb5 Qxb5 13. Rxb5 b6 14. Nd4 Rc8 15. Rb2 h6 16. Bh4 O-O 17. h3 Bd6 18. f4 Bc5 19. Kh1 a6 20. g4 Rc7 21. g5 hxg5 22. fxg5 Bxd4 23. exd4 Ne8 24. Bg3 Rc6 25. Rf3 Nd6 26. Bxd6 Rxd6 27. Rc3 Nb8 28. Nf3 b5 29. Ne5 Rdd8 30. Nc6 Nxc6 31. Rxc6 Ra8 32. Rb3 Rfc8 33. Rbc3 Rxc6 34. Rxc6 b4 35. Kg2 Kf8 36. Kf3 Ke8 37. Rc7 Rd8 38. Ke3 Rd7 39. Rc6 Ra7 40. Rc8+ Kd7 41. Rg8 g6 42. Rf8 Kc6 43. Rb8 a5 44. Kd3 Rb7 45. Rxb7 Kxb7 46. c3 Kb6 47. c4 dxc4+ 48. Kxc4 Kc6 49. h4 Kb6 50. d5 e5 51. d6 Kc6 52. d7 Kxd7 53. Kd5 Ke7 54. Kxe5 a4 55. Kd4 b3 0-1

[Event "Lueneburg Open-B 2019"]
[Site "Lueneburg"]
[Date "2019.08.06"]
[Round "4.5"]
[White "Ramme, Georg"]
[Black "Schulze, Lukas"]
[Result "0-1"]
[ECO "E68"]
[WhiteElo "1660"]
[BlackElo "1724"]
[Annotator "NA"]
[PlyCount "49"]
[EventDate "2019.08.03"]
[EventType "swiss"]
[EventCountry "GER"]
[SourceTitle "playchess.com"]
[Source "ChessBase"]
[SourceQuality "1"]
[TimeControl "40/5400+30:1800+30"]

1. d4 Nf6 2. Nf3 g6 3. g3 Bg7 4. Bg2 d6 5. O-O c6 6. c4 O-O 7. Nc3 Nbd7 8. e4 e5 9. Be3 Ng4 10. Bg5 f6 11. Bc1 Nh6 12. h3 Nf7 13. Be3 Re8 14. b4 exd4 15. Nxd4 Nde5 16. Qb3 Kh8 17. Rad1 a5 18. a3 Nh6 19. Kh2 Qc7 20. b5 Qf7 21. c5 dxc5 22. Qxf7 Nhxf7 23. Nb3 c4 24. Nc5 b6 25. N3a4 0-1

[Event "Lueneburg Open-B 2019"]
[Site "Lueneburg"]
[Date "2019.08.06"]
[Round "4.6"]
[White "Ahrens, Gunnar"]
[Black "Domschke, Stephan"]
[Result "1-0"]
[ECO "A00"]
[WhiteElo "1764"]
[BlackElo "1671"]
[Annotator "NA"]
[PlyCount "73"]
[EventDate "2019.08.03"]
[EventType "swiss"]
[EventCountry "GER"]
[SourceTitle "playchess.com"]
[Source "ChessBase"]
[SourceQuality "1"]
[TimeControl "40/5400+30:1800+30"]

1. a3 Nf6 2. Nf3 d5 3. e3 Bg4 4. Be2 Nbd7 5. O-O e5 6. d3 Bd6 7. h3 Bh5 8. Nbd2 O-O 9. c4 c6 10. b4 Re8 11. c5 Bb8 12. e4 b6 13. Qc2 Qc7 14. Bb2 bxc5 15. bxc5 a5 16. a4 h6 17. Rab1 Bg6 18. Rfe1 Qa7 19. Ba3 Bc7 20. Nh2 Nb8 21. Bf3 d4 22. Nc4 Na6 23. Nd6 Reb8 24. Ng4 Nd7 25. Nf5 Rxb1 26. Rxb1 Rb8 27. Ne7+ Kh7 28. Nxc6 Rxb1+ 29. Qxb1 Qa8 30. Ne7 Naxc5 31. Bxc5 Nxc5 32. Qb5 Bd6 33. Nxg6 f6 34. Nh4 Qa6 35. Nxf6+ gxf6 36. Qe8 Bc7 37. Qf7+ 1-0

[Event "Lueneburg Open-B 2019"]
[Site "Lueneburg"]
[Date "2019.08.06"]
[Round "4.7"]
[White "Ische, Helmut"]
[Black "Buetow, Ingo"]
[Result "1/2-1/2"]
[ECO "B01"]
[WhiteElo "1662"]
[BlackElo "1747"]
[Annotator "NA"]
[PlyCount "36"]
[EventDate "2019.08.03"]
[EventType "swiss"]
[EventCountry "GER"]
[SourceTitle "playchess.com"]
[Source "ChessBase"]
[SourceQuality "1"]
[TimeControl "40/5400+30:1800+30"]

1. e4 d5 2. Nf3 dxe4 3. Ng5 Nf6 4. Bc4 e6 5. Nc3 Be7 6. Ngxe4 Nbd7 7. d3 b6 8. O-O O-O 9. Bf4 a6 10. a4 Bb7 11. Re1 Nd5 12. Bg3 Bb4 13. Re2 Nxc3 14. bxc3 Be7 15. Qd2 Nf6 16. Nxf6+ Bxf6 17. d4 Qd7 18. Bd3 Rac8 1/2-1/2

[Event "Lueneburg Open-B 2019"]
[Site "Lueneburg"]
[Date "2019.08.06"]
[Round "4.8"]
[White "Gerdau, Niklas"]
[Black "Seeber, Helmut"]
[Result "0-1"]
[ECO "C51"]
[WhiteElo "1704"]
[BlackElo "1580"]
[Annotator "NA"]
[PlyCount "32"]
[EventDate "2019.08.03"]
[EventType "swiss"]
[EventCountry "GER"]
[SourceTitle "playchess.com"]
[Source "ChessBase"]
[SourceQuality "1"]
[TimeControl "40/5400+30:1800+30"]

1. e4 e5 2. Nf3 Nc6 3. Bc4 Bc5 4. b4 Bxb4 5. c3 Be7 6. d4 exd4 7. cxd4 Na5 8. Bxf7+ Kxf7 9. Ne5+ Ke8 10. Qh5+ g6 11. Nxg6 Nf6 12. Qh6 Rg8 13. Nh4 Bf8 14. Qd2 b6 15. e5 Nd5 16. g3 Bb4 0-1